 Dungeon Crawl Stone Soup version 0.17-a0-2171-ga91b4ec (webtiles) character file.

808 fredomojojo the Chopper (level 7, 0/61 HPs)
             Began as a Hill Orc Fighter on Oct 25, 2015.
             Was an Initiate of Nemelex Xobeh.
             Slain by Menkaure (8 damage)
             ... on level 5 of the Dungeon.
             The game lasted 01:57:52 (4959 turns).

fredomojojo the Chopper (Hill Orc Fighter)          Turns: 4959, Time: 01:57:54

Health: 0/61       AC:  7    Str: 21    XL:     7   Next: 92%
Magic:  7/7        EV:  8    Int: 13    God:    Nemelex Xobeh [......]
Gold:   238        SH: 10    Dex: 10    Spells: 0 memorised, 6 levels left

rFire  . . .     SeeInvis .     a - +0 war axe
rCold  . . .     Clarity  .     b - +0 scale mail
rNeg   . . .     SustAt   .     c - +0 shield
rPois  .         Gourm    .     (no helmet)
rElec  .         Spirit   .     (no cloak)
rCorr  .         Warding  .     (no gloves)
rMut   .         Stasis   +     (no boots)
MR     .....                    v - amulet of stasis
Stlth  ..........               (no ring)
                                (no ring)

@: brilliant, not resistant to hostile enchantments, extremely unstealthy
A: no striking features
a: Renounce Religion


You were on level 5 of the Dungeon.
You worshipped Nemelex Xobeh.
Nemelex Xobeh was noncommittal.
You were not hungry.

You visited 2 branches of the dungeon, and saw 6 of its levels.

You collected 238 gold pieces.

Inventory:

Hand Weapons
 a - a +0 war axe (weapon)
 e - a +0 giant spiked club
 q - a +1 hunting sling
Missiles
 j - 195 stones (quivered)
Armour
 b - a +0 scale mail (worn)
 c - a +0 shield (worn)
Jewellery
 v - an amulet of stasis (around neck)
Wands
 t - a wand of magic darts (8)
Scrolls
 i - a scroll of random uselessness
 r - 2 scrolls of remove curse
 x - a scroll of noise
Potions
 d - a potion of might
 k - 3 potions of curing
 m - 2 potions of brilliance
 p - a potion of heal wounds
Books
 s - a book of Debilitation

   Spells                             Type                      Level
   a - Corona                         Hexes                        1
   b - Slow                           Hexes                        2
   c - Gell's Gravitas                Hexes/Translocation          3
   d - Inner Flame                    Hexes/Fire                   3
   e - Cause Fear                     Hexes                        4
   f - Leda's Liquefaction            Hexes/Earth                  4
Miscellaneous
 f - a plain deck of war {drawn: 4}
Comestibles
 g - 2 meat rations


   Skills:
 + Level 5.2 Fighting
 * Level 6.6 Axes
 + Level 0.8 Slings
 * Level 5.8 Armour
 + Level 1.4 Dodging
 + Level 0.1 Stealth
 * Level 5.2 Shields
 + Level 0.2 Evocations


You had 6 spell levels left.
You didn't know any spells.

Dungeon Overview and Level Annotations

Branches:
Dungeon (5/15)             Temple (1/1) D:5

Altars:
Ashenzari
Elyvilon
Fedhas
Nemelex Xobeh
Qazlal
Sif Muna
Trog
Yredelemnul

Annotations:
D:5 Menkaure


Message History

You hit Menkaure.
Menkaure is severely damaged.
Menkaure hits you but does no damage. You block Menkaure's attack.
You barely miss Menkaure.
Menkaure is severely damaged.
Your skin feels tender.
Menkaure closely misses you.
Menkaure calls on the powers of darkness!
Your body is wracked with pain!
* * * LOW HITPOINT WARNING * * *
You hit Menkaure but do no damage.
Menkaure is severely damaged.
Menkaure barely misses you.
You draw a card...
It is Water.
Splash!
You fall into the shallow water.
Moving in this stuff is going to be slow.
Menkaure hits you!
You die...
Your body disappears without a glow.

### ### .....# #
#.#.##.#
#...E..# #M# #@#
#≈# #># #.#
###### #.#
#....# #.#
#.#### ##)# #.#
##..### #.#
##.....#####.###


You could see Menkaure and a friendly water elemental.

Vanquished Creatures
  2 ogres
  The ghost of fredomojojo the Chopper, an amateur HOGl of Zin (D:3)
  A jelly (D:4)
  An orc wizard (D:4)
  A giant frog skeleton (D:4)
  Jessica (D:2)
  4 worker ants (D:4)
  An iguana (D:4)
  A killer bee zombie (D:4)
  Robin (D:2)
  8 adders
  3 gnolls (D:2)
  4 river rats (D:3)
  3 oozes
  2 adder skeletons (D:4)
  7 worms
  2 giant geckos
  6 orcs (D:4)
  4 ball pythons
  12 bats
  4 giant cockroaches
  8 hobgoblins
  8 jackals
  9 kobolds
  2 quokkas
  9 giant newts
  16 goblins
  12 rats
  A plant (D:3)
134 creatures vanquished.

Vanquished Creatures (others)
  A plant (D:3)
1 creature vanquished.

Grand Total: 135 creatures vanquished

Notes
Turn   | Place    | Note
--------------------------------------------------------------
     0 | D:1      | fredomojojo the Hill Orc Fighter began the quest for the Orb.
     0 | D:1      | Reached XP level 1. HP: 19/19 MP: 1/1
   133 | D:1      | Reached XP level 2. HP: 16/27 MP: 2/2
   341 | D:1      | Reached XP level 3. HP: 29/33 MP: 3/3
   624 | D:1      | Reached skill level 4 in Fighting
   717 | D:2      | Noticed Robin
   729 | D:2      | Killed Robin
   729 | D:2      | Reached XP level 4. HP: 27/40 MP: 4/4
  1116 | D:2      | Reached skill level 1 in Dodging
  1224 | D:2      | Noticed Jessica
  1256 | D:2      | Killed Jessica
  1256 | D:2      | Reached XP level 5. HP: 32/46 MP: 5/5
  1629 | D:3      | Noticed fredomojojo's ghost (amateur HOGl)
  2434 | D:3      | Found a basalt altar of Yredelemnul.
  2438 | D:3      | Reached XP level 6. HP: 53/53 MP: 6/6
  2541 | D:3      | Killed fredomojojo's ghost
  2613 | D:3      | Reached skill level 5 in Armour
  2813 | D:3      | Found a stormy altar of Qazlal.
  3125 | D:3      | Reached skill level 5 in Axes
  3235 | D:4      | Found a white marble altar of Elyvilon.
  3249 | D:4      | Became a worshipper of Elyvilon the Healer
  3380 | D:4      | Reached skill level 5 in Shields
  3380 | D:4      | Reached XP level 7. HP: 36/60 MP: 7/7
  3542 | D:4      | Reached skill level 5 in Fighting
  3712 | D:4      | Reached skill level 6 in Axes
  4627 | D:5      | Entered Level 5 of the Dungeon
  4627 | D:5      | Found a staircase to the Ecumenical Temple.
  4633 | Temple   | Entered the Ecumenical Temple
  4810 | Temple   | Fell from the grace of Elyvilon
  4810 | Temple   | Became a worshipper of Nemelex Xobeh the Trickster
  4938 | D:5      | Received a gift from Nemelex Xobeh
  4939 | D:5      | Noticed Menkaure
  4959 | D:5      | Slain by Menkaure

Vault maps used:
D:1:      lightli_arrival_chessboard
D:2:      minmay_snake_closets, uniq_jessica, uniq_robin
D:3:      wad_woods_stonehenge, grunt_qazlal_sundering
D:4:      kennysheep_mini
D:5:      nicolae_ru_awakened_eye, tgw_xom, lemuel_doored_altar, temple_statues,
          first_bread, dk_rats_in_the_wall, uniq_pikel, uniq_menkaure
Temple:   circular_temple_6

Action                   |  1- 3 |  4- 6 |  7- 9 || total
-------------------------+-------+-------+-------++-------
Melee: War axe           |   128 |   314 |   104 ||   546
 Fire: Hunting sling     |       |     3 |    20 ||    23
Throw: Stone             |     1 |     9 |       ||    10
Evoke: Wand              |       |     3 |     1 ||     4
       Deck              |       |       |     4 ||     4
  Use: Scroll            |     1 |     7 |     4 ||    12
       Potion            |       |     1 |     2 ||     3
  Eat: Chunk             |       |     3 |       ||     3
       Bread ration      |       |     1 |     1 ||     2
       Fruit             |       |     2 |     1 ||     3
